 Dungeon Crawl Stone Soup version 0.26.1-10-gdfb7c7de75 (webtiles) character file.

Game seed: 2343140426736049036

405828 bomjara the Slayer (level 23, -5/204 HPs)
             Began as a Hill Orc Fighter on Apr 2, 2021.
             Was the Champion of Hepliaklqana.
             Slain by a golden dragon (7 damage)
             ... on level 5 of the Vaults.
             The game lasted 02:37:39 (59299 turns).

bomjara the Slayer (Hill Orc Fighter)              Turns: 59299, Time: 02:37:39

Health: -5/204     AC: 27    Str: 29    XL:     23   Next: 40%
Magic:  38/38      EV: 12    Int:  8    God:    Hepliaklqana [******]
Gold:   1079       SH: 16    Dex: 10    Spells: 22/22 levels left

rFire    + . .     SeeInvis +   a - +9 broad axe (elec)
rCold    + . .     Faith    .   b - +2 kite shield
rNeg     . . .     Spirit   .   Y - +3 storm dragon scales {Bai Suzhen}
rPois    +         Reflect  .   V - +0 helmet {SInv}
rElec    +         Harm     .   l - scarf {rC+ rF+}
rCorr    .         Rampage  .   f - +2 pair of gloves
Will     +....                  P - +0 pair of boots {run}
Stlth    ..........             L - amulet "Tuing" {Acrobat rPois}
HPRegen  0.44/turn              Z - ring of willpower
MPRegen  0.26/turn              o - ring of willpower

@: about to teleport, weak-willed, studying Throwing, quick
A: reduced essence
}: 2/15 runes: decaying, serpentine
a: Renounce Religion, Recall Ancestor, Ancestor Identity, Transference, Idealise


You were on level 5 of the Vaults.
You worshipped Hepliaklqana.
Hepliaklqana was exalted by your worship.
You visited 7 branches of the dungeon, and saw 39 of its levels.

You collected 4867 gold pieces.
You spent 3788 gold pieces at shops.

Inventory:

Hand Weapons
 a - a +9 broad axe of electrocution (weapon)
Missiles
 H - 16 curare-tipped darts (quivered)
 J - 4 silver javelins
Armour
 b - a +2 kite shield (worn)
 f - a +2 pair of gloves (worn)
 l - a scarf of resistance (worn)
 P - a +0 pair of boots of running (worn)
 V - a +0 helmet of see invisible (worn)
 Y - +3 storm dragon scales (worn) {Bai Suzhen}
Jewellery
 k - an uncursed ring of resist corrosion
 o - a ring of willpower (right hand)
 L - the amulet "Tuing" (around neck) {Acrobat rPois}
   (You took it off a centaur warrior on level 11 of the Dungeon)

   [amulet of the acrobat]

   It helps you evade while moving and waiting.
   It protects you from poison.
 Z - a ring of willpower (left hand)
Wands
 i - a wand of paralysis (6)
 N - a wand of iceblast (35)
 T - a wand of acid (20)
Scrolls
 c - a scroll of silence
 m - 7 scrolls of fear
 p - 7 scrolls of enchant weapon
 r - 10 scrolls of identify
 t - 6 scrolls of teleportation
 x - 19 scrolls of remove curse
 y - 8 scrolls of magic mapping
 E - 3 scrolls of immolation
 F - 6 scrolls of amnesia
 I - 9 scrolls of enchant armour
 M - 5 scrolls of vulnerability
 U - a scroll of holy word
 W - a scroll of fog
Potions
 d - 3 potions of might
 e - 4 potions of cancellation
 g - 3 potions of magic
 n - a potion of resistance
 q - 6 potions of curing
 A - 7 potions of lignification
 C - 5 potions of ambrosia
 D - 9 potions of flight
 G - 9 potions of brilliance
 O - 3 potions of attraction
 Q - 5 potions of mutation
Books
 R - a manual of Throwing
Miscellaneous
 j - a lightning rod (4/4)
 v - a condenser vane
 B - a box of beasts
 K - a phial of floods
 S - a tin of tremorstones (2/2)
 X - a phantom mirror (inert)


   Skills:
 + Level 23.5 Fighting
 - Level 18.2(20.0) Axes
 - Level 12.6(15.7) Polearms
 - Level 6.0 Throwing
 - Level 15.8 Armour
 - Level 6.0 Dodging
 - Level 15.0 Shields
 - Level 22.0 Invocations
 - Level 12.0 Evocations


You had 22 spell levels left.
You didn't know any spells.
Your spell library contained the following spells:

 Spells                   Type           Power        Failure   Level
 Animate Skeleton         Necr           0%           80%         1
 Apportation              Tloc           0%           80%         1
 Beastly Appendage        Tmut           0%           80%         1
 Corona                   Hex            0%           80%         1
 Foxfire                  Conj/Fire      0%           80%         1
 Magic Dart               Conj           0%           80%         1
 Pain                     Necr           0%           80%         1
 Sandblast                Erth           0%           80%         1
 Shock                    Conj/Air       0%           80%         1
 Sting                    Tmut/Pois      0%           80%         1
 Summon Small Mammal      Summ           0%           80%         1
 Blink                    Tloc           N/A          91%         2
 Call Imp                 Summ           0%           91%         2
 Corpse Rot               Necr/Air       N/A          91%         2
 Ensorcelled Hibernation  Hex/Ice        0%           91%         2
 Passwall                 Tmut/Erth      0%           91%         2
 Poisonous Vapours        Pois/Air       0%           91%         2
 Slow                     Hex            0%           91%         2
 Sublimation of Blood     Necr           0%           91%         2
 Swiftness                Air            0%           91%         2
 Wereblood                Tmut           0%           91%         2
 Confusing Touch          Hex            0%           99%         3
 Conjure Flame            Conj/Fire      0%           99%         3
 Dazzling Flash           Conj/Hex       0%           99%         3
 Gell's Gravitas          Tloc           0%           99%         3
 Ignite Poison            Fire/Tmut/Pois 0%           99%         3
 Inner Flame              Hex/Fire       0%           99%         3
 Lesser Beckoning         Tloc           0%           99%         3
 Mephitic Cloud           Conj/Pois/Air  0%           99%         3
 Spider Form              Tmut/Pois      0%           99%         3
 Static Discharge         Conj/Air       0%           99%         3
 Stone Arrow              Conj/Erth      0%           99%         3
 Summon Guardian Golem    Hex/Summ       0%           99%         3
 Teleport Other           Tloc           0%           99%         3
 Tukima's Dance           Hex            0%           99%         3
 Vampiric Draining        Necr           0%           99%         3
 Airstrike                Air            0%           100%        4
 Animate Dead             Necr           0%           100%        4
 Cause Fear               Hex            0%           100%        4
 Dispel Undead            Necr           0%           100%        4
 Ice Form                 Ice/Tmut       0%           100%        4
 Leda's Liquefaction      Hex/Erth       0%           100%        4
 Olgreb's Toxic Radiance  Pois           0%           100%        4
 Passage of Golubria      Tloc           N/A          100%        4
 Petrify                  Tmut/Erth      0%           100%        4
 Sticky Flame             Conj/Fire      0%           100%        4
 Agony                    Necr           0%           100%        5
 Blade Hands              Tmut           0%           100%        5
 Bolt of Magma            Conj/Fire/Erth 0%           100%        5
 Borgnjor's Vile Clutch   Necr/Erth      0%           100%        5
 Excruciating Wounds      Necr           0%           100%        5
 Fireball                 Conj/Fire      0%           100%        5
 Irradiate                Conj/Tmut      0%           100%        5
 Iskenderun's Battlesphe  Conj           0%           100%        5
 Lee's Rapid Deconstruct  Erth           0%           100%        5
 Lightning Bolt           Conj/Air       0%           100%        5
 Silence                  Hex/Air        0%           100%        5
 Yara's Violent Unravell  Hex/Tmut       0%           100%        5
 Hydra Form               Tmut           0%           100%        6
 Invisibility             Hex            0%           100%        6
 Iron Shot                Conj/Erth      0%           100%        6
 Statue Form              Tmut/Erth      0%           100%        6
 Dragon Form              Tmut           0%           100%        7
 Haunt                    Necr/Summ      0%           100%        7
 Orb of Destruction       Conj           0%           100%        7
 Spellforged Servitor     Conj/Summ      0%           100%        7
 Borgnjor's Revivificati  Necr           0%           100%        8
 Discord                  Hex            0%           100%        8
 Ignition                 Fire           0%           100%        8
 Infestation              Necr           0%           100%        8
 Necromutation            Tmut/Necr      0%           100%        8
 Death's Door             Necr           0%           100%        9
 Shatter                  Erth           0%           100%        9
 Tornado                  Air            0%           100%        9


Dungeon Overview and Level Annotations

Branches:
Dungeon (15/15)            Temple (0/1) D:7            Lair (6/6) D:9
  Swamp (4/4) Lair:3        Snake (4/4) Lair:2        Slime (0/5) Lair:5
    Orc (2/2) D:11            Elf (3/3) Orc:2        Vaults (5/5) D:14
  Crypt (0/3) Vaults:2     Depths (0/5) D:15

Altars:
Cheibriados
Gozag
Hepliaklqana
Makhleb
Nemelex Xobeh
Qazlal
Ru
Sif Muna
Trog
Vehumet
Wu Jian
Xom
Yredelemnul
Beogh
Jiyva

Shops:
D:4 (   D:13 =   D:15 !   Orc:2 [([?   Elf:1 !   Snake:1 :=}=   Snake:2 }(
Vaults:1 [

Annotations:
D:6 exclusion: oklob plant
Swamp:3 1 runed translucent door, soyboy's ghost, adept SpAM
Vaults:4 8 runed translucent doors, MackTheFife's ghost, veteran HOGl
Vaults:5 Frederick


Message History

The golden dragon bites you but does no damage.
You block the golden dragon's attack.
The golden dragon tramples you but does no damage.
The lich points at you and mumbles some strange words.
You feel haunted.
The phantasmal warrior blinks!
You feel better.
The ironheart preserver hits you but does no damage.
The deep elf mage mumbles some strange words.
The storm dragon bites you but does no damage.
The storm dragon claws you but does no damage.
The storm dragon tramples you!
* * * LOW HITPOINT WARNING * * *
You hold your ground!
The titan waves its arms in wide circles.
The air twists around and strikes you!
* * * LOW HITPOINT WARNING * * *
You block the golden dragon's attack.
The golden dragon claws you but does no damage.
The golden dragon tramples you!
You die...

.....#....##.. W......c..#..#
.............#
#.#c.W.p....####################
..LpokOH.[DLecD@D9D9O..........°
....WCp<<..c.pWWp.W..C...RC.....
......OXCDoY.eW.................
.....pW<<[.W..§.................
####.cpp.DDp####################
#..cpp..pDp.. ......
#p.#....#Cz.. ..... ..###....#
C.. .. ..#. #. ##....# C. s. ...
#.


You could see 3 shadow dragons, 2 iron dragons, an ironheart preserver, a titan,
2 golden dragons, a storm dragon (sheltered), a lich (sheltered), a yaktaur
captain (sheltered), 2 vault guards, an ettin (sheltered), a two-headed ogre
shaped shifter (sheltered), 2 war gargoyles, a vault sentinel (sheltered,
catching breath), a deep elf archer (repels missiles, sheltered), 2 phantasmal
warriors, a yaktaur (sheltered), a deep elf mage (sheltered), 3 wraiths, an ice
beast (summoned) and an orc (sheltered).

Vanquished Creatures
  Xtahua (Vaults:4)
  Nikola (Snake:2)
  A bone dragon (Vaults:2)
  A lich (Vaults:5)
  2 deep elf blademasters
  2 sphinxes
  Kirke (Lair:5)
  A thorn hunter (Swamp:1)
  A tengu reaver (D:12)
  5 nagarajas
  Donald (Vaults:2)
  A fenstrider witch (shapeshifter) (Vaults:5)
  7 deep elf sorcerers
  8 vault wardens
  11 ironheart preservers
  3 stone giants
  3 very ugly things
  2 deep elf elementalists (Elf:3)
  7 deep elf demonologists
  A deep elf annihilator (Elf:3)
  4 bunyips
  6 deep elf death magi
  An ettin (Vaults:4)
  Snorg (D:11)
  2 fire dragons
  2 shambling mangroves (Swamp:4)
  2 deep elf high priests
  2 great orbs of eyes (Vaults:1)
  Erolcha (D:10)
  4 yaktaur captains
  The ghost of Jaiteiro the Cleaver, a journeyman MiFi of the Shining One (D:11)
  7 boulder beetles
  Fannar (D:10)
  2 catoblepae
  6 naga warriors
  24 vault guards
  20 hydras
  2 ghost crabs
  10 centaur warriors
  7 alligators
  5 anacondas
  11 ogre magi
  31 two-headed ogres
  4 deep troll shamans
  A tengu warrior (D:14)
  9 death yaks
  5 deep troll earth magi
  Urug (D:11)
  An orc high priest (Elf:3)
  10 dancing weapons
  3 shock serpents
  A storm dragon zombie (Vaults:3)
  10 naga sharpshooters
  12 deep elf knights
  A shadow wraith (Vaults:4)
  8 spriggans
  A small abomination (Elf:3)
  3 salamander mystics
  10 deep trolls
  3 unseen horrors
  2 spriggan druids
  3 swamp dragons (Swamp:4)
  A flayed ghost (Vaults:5)
  6 deep elf archers
  2 bog bodies
  3 wizards
  A harpy (Vaults:1)
  6 naga ritualists
  9 orc knights
  A necromancer (Vaults:3)
  12 ironbrand convokers
  13 ugly things
  2 wolf spiders
  13 mana vipers
  An oklob plant (Lair:4)
  40 deep elf magi
  4 cyclopes
  2 will-o-the-wisps (Swamp:1)
  2 orc sorcerers
  2 centaur zombies
  13 elephants
  6 salamanders
  A guardian serpent (shapeshifter) (D:15)
  8 vault sentinels
  20 naga magi
  2 torpor snails
  22 black mambas
  A centaur skeleton (D:10)
  2 guardian serpents
  Psyche (D:9)
  3 gargoyles
  3 cane toads
  4 freezing wraiths
  4 molten gargoyles (D:14)
  A yaktaur (shapeshifter) (D:11)
  17 yaktaurs
  2 kobold demonologists (D:11)
  A komodo dragon (shapeshifter) (D:14)
  2 rime drakes
  6 komodo dragons
  3 trolls
  A human skeleton (Vaults:3)
  2 meliai (shapeshifter)
  A tengu conjurer (D:14)
  A jumping spider (Vaults:4)
  A polar bear (shapeshifter) (D:11)
  7 tyrant leeches
  2 bloated husks
  14 hornets
  3 polar bears
  A troll (shapeshifter) (Vaults:1)
  4 slime creatures (Vaults:1)
  7 dream sheep
  17 blink frogs
  A fire giant simulacrum (Vaults:1)
  A vampire (D:10)
  An air elemental (Elf:3)
  2 shadows
  37 yaks
  5 humans (D:14)
  A water elemental (Elf:1)
  4 wyverns
  3 redbacks
  A hog (shapeshifter) (Vaults:2)
  A wraith (D:14)
  A fire elemental (D:14)
  A basilisk (Lair:3)
  A hog (Lair:5)
  6 swamp worms
  13 vampire mosquitoes
  5 wargs
  31 nagas
  A soldier ant (D:13)
  10 water moccasins
  32 orc warriors
  3 ice beasts
  2 sky beasts
  An ice beast (shapeshifter) (D:11)
  3 swamp drakes (Swamp:4)
  A human zombie (Vaults:3)
  An eye of draining (D:10)
  A black bear (Lair:2)
  15 ogres
  2 boggarts (Elf:1)
  A tengu (shapeshifter) (Elf:3)
  29 wolves
  7 centaurs
  15 big kobolds
  Blork the orc (D:6)
  10 bullfrogs
  3 earth elementals
  2 gnoll sergeants
  2 wyvern zombies
  A wyvern skeleton (D:9)
  4 scorpions
  7 killer bees
  12 wights
  2 electric eels
  A quasit (D:10)
  2 bullfrog skeletons
  2 bullfrog zombies
  8 hounds
  4 jellies
  18 orc wizards
  22 orc priests
  Crazy Yiuf (D:6)
  5 iguanas
  Ijyb (D:4)
  6 worker ants
  A hound zombie (D:6)
  15 adders
  4 gnolls
  3 white imps
  An ufetubus (D:10)
  2 adder zombies (D:6)
  3 worms
  8 dart slugs
  2 leopard geckos
  115 orcs
  2 ball pythons
  7 giant cockroaches
  6 hobgoblins
  9 jackals
  5 quokkas
  8 bats
  4 frilled lizards
  8 goblins
  30 kobolds
  A leopard gecko skeleton (D:4)
  14 rats
  A butterfly (Lair:5)
1205 creatures vanquished.

Vanquished Creatures (collateral kills)
  Bai Suzhen (Snake:3)
  A deep elf blademaster (Elf:3)
  2 deep elf master archers (Elf:3)
  A tengu reaver (Vaults:5)
  Roxanne (Elf:2)
  A fire giant (Vaults:4)
  A nagaraja (Snake:4)
  2 deep elf sorcerers
  3 vault wardens
  An orc warlord (Orc:2)
  3 deep elf elementalists (Elf:3)
  2 ironheart preservers
  A very ugly thing (Vaults:1)
  2 stone giants
  A bunyip (Swamp:1)
  2 deep elf demonologists (Elf:3)
  8 deep elf annihilators
  2 ettins
  An eleionoma (Swamp:3)
  4 deep elf death magi (Elf:3)
  2 fire dragons
  3 yaktaur captains
  A deep elf high priest (Elf:3)
  4 ogre magi
  3 naga warriors
  6 vault guards
  7 hydras
  A catoblepas (Lair:3)
  An ice dragon (D:15)
  A centaur warrior (Vaults:3)
  10 two-headed ogres
  2 alligators
  6 dancing weapons (Elf:2)
  An orc high priest (Orc:2)
  A tengu warrior (D:15)
  2 death yaks (Lair:6)
  2 deep troll shamans (Vaults:3)
  3 naga sharpshooters
  A small abomination (Elf:3)
  12 deep elf knights
  2 salamander mystics
  4 unseen horrors
  3 goliath frogs
  A spriggan druid (Swamp:1)
  3 deep trolls (Vaults:2)
  4 deep elf archers
  2 bog bodies
  7 ironbrand convokers
  6 naga ritualists (Snake:4)
  9 swamp dragons
  A lindwurm (Lair:6)
  2 harpies (Vaults:1)
  3 oklob plants (Lair:4)
  27 deep elf magi
  3 orc knights
  15 ugly things
  A cyclops (shapeshifter) (Elf:3)
  4 salamanders
  3 wolf spiders
  A will-o-the-wisp (Swamp:3)
  An orc sorcerer (Vaults:4)
  2 cyclopes
  A guardian serpent (Snake:3)
  6 elephants
  4 vault sentinels
  8 black mambas
  5 cane toads
  2 centaur skeletons
  10 naga magi
  14 yaktaurs
  5 komodo dragons
  A troll (Orc:2)
  6 hornets
  3 tyrant leeches
  5 blink frogs
  A polar bear (Lair:6)
  A meliai zombie (D:13)
  A dream sheep (D:13)
  2 shadows
  4 spriggans
  A wraith (D:10)
  A water elemental (Elf:1)
  A hog (shapeshifter) (Vaults:2)
  2 wyverns
  4 basilisks
  A human (D:14)
  24 yaks
  A fire elemental (Lair:6)
  A hog (Lair:5)
  Eustachio (D:6)
  4 vampire mosquitoes
  7 swamp worms
  4 wargs (Orc:2)
  14 nagas
  12 water moccasins
  A sky beast (D:5)
  3 swamp drakes (Swamp:4)
  An eye of draining (D:10)
  28 orc warriors
  2 black bears
  An ice beast (D:6)
  10 ogres
  2 phantoms
  16 wolves
  4 centaurs
  3 big kobolds (D:11)
  5 bullfrogs
  A water moccasin zombie (D:5)
  2 scorpions
  4 killer bees
  3 wights
  A lava snake (D:14)
  12 orc priests
  A quasit (D:9)
  2 bullfrog zombies
  A bullfrog skeleton (D:10)
  4 hounds
  16 orc wizards
  2 worker ants
  A hound skeleton (D:10)
  3 gnolls
  5 adders
  A shadow imp (D:7)
  3 white imps
  An adder zombie (D:6)
  A dart slug (D:3)
  38 orcs
  3 goblins
  A hobgoblin (D:3)
  A quokka (D:9)
  3 ball pythons
  A bat (D:3)
  9 kobolds
  A butterfly (Lair:5)
  A crawling corpse (Elf:3)
568 creatures vanquished.

Vanquished Creatures (others)
  A yaktaur captain (Vaults:1)
  A deep elf knight (Vaults:3)
  2 deep elf magi (Elf:1)
  A kobold demonologist (D:11)
  2 bloated husks
  5 dream sheep (Lair:5)
  An ogre (Vaults:4)
  62 battlemagi
  An ancestor (D:6)
  An orc (D:4)
  12 foxfires
  28 fungi
  67 plants
184 creatures vanquished.

Grand Total: 1957 creatures vanquished

Notes
Turn   | Place    | Note
-------+----------+-------------------------------------------
     0 | D:1      | bomjara the Hill Orc Fighter began the quest for the Orb.
     0 | D:1      | Reached XP level 1. HP: 19/19 MP: 1/1
   370 | D:1      | Reached XP level 2. HP: 27/27 MP: 2/2
   463 | D:1      | Reached skill level 4 in Fighting
   747 | D:1      | Reached XP level 3. HP: 32/33 MP: 3/3
  1405 | D:2      | Reached XP level 4. HP: 25/41 MP: 4/4
  1742 | D:2      | Found an opulent altar of Gozag.
  1753 | D:2      | Found a snail-covered altar of Cheibriados.
  1755 | D:2      | Found a shimmering altar of Xom.
  1755 | D:2      | Found a stormy altar of Qazlal.
  1757 | D:2      | Found a sparkling altar of Nemelex Xobeh.
  1759 | D:2      | Found a hazy altar of Hepliaklqana.
  1832 | D:2      | Became a worshipper of Hepliaklqana the Forgotten
  2160 | D:2      | You fall into a shaft and drop 2 floors!
  2425 | D:3      | Found a bloodstained altar of Trog.
  2449 | D:3      | Reached XP level 5. HP: 38/42 MP: 5/5
  2960 | D:3      | Noticed a sky beast
  3144 | D:3      | Killed a sky beast
  3145 | D:3      | Reached skill level 5 in Fighting
  3145 | D:3      | Reached skill level 5 in Axes
  3145 | D:3      | Reached XP level 6. HP: 50/50 MP: 6/6
  3386 | D:3      | Reached skill level 5 in Shields
  3386 | D:3      | Found a faded altar of an unknown god.
  3640 | D:4      | Found Ceymof Nihoo's Antique Weapon Shoppe.
  3868 | D:4      | Noticed a phantom
  3904 | D:4      | Killed a phantom
  3993 | D:4      | Reached * piety under Hepliaklqana
  4304 | D:4      | Noticed Ijyb
  4313 | D:4      | Killed Ijyb
  4314 | D:4      | Reached skill level 6 in Fighting
  4712 | D:5      | Entered Level 5 of the Dungeon
  4719 | D:5      | Reached XP level 7. HP: 55/56 MP: 7/7
  4805 | D:5      | Found an ornate altar of the Wu Jian Council.
  5927 | D:6      | Reached XP level 8. HP: 63/63 MP: 8/8
  6043 | D:5      | Reached skill level 7 in Fighting
  6237 | D:6      | Found a basalt altar of Yredelemnul.
  6237 | D:6      | Noticed an oklob plant
  6372 | D:6      | Reached ** piety under Hepliaklqana
  6373 | D:6      | Remembered your ancestor Shatu-murrim as a battlemage
  6643 | D:6      | Noticed Eustachio
  6648 | D:6      | Killed Eustachio
  6686 | D:6      | Reached skill level 1 in Dodging
  6823 | D:6      | Noticed Blork the orc
  6831 | D:6      | Killed Blork the orc
  6851 | D:6      | Found a runed translucent door.
  6852 | D:6      | Noticed Crazy Yiuf
  6856 | D:6      | Killed Crazy Yiuf
  7351 | D:7      | Reached XP level 9. HP: 69/72 MP: 9/9
  7437 | D:7      | Got an ancient dagger
  7437 | D:7      | Identified the +3 dagger of Indignation {vorpal, Str+4
                  | Dex+4} (You found it on level 7 of the Dungeon)
  7446 | D:7      | Found a sacrificial altar of Ru.
  7551 | D:7      | Found a staircase to the Ecumenical Temple.
  7640 | D:7      | Reached skill level 8 in Fighting
  7719 | D:7      | Reached skill level 10 in Axes
  7719 | D:7      | Reached skill level 5 in Armour
  8773 | D:8      | Reached skill level 9 in Fighting
  8981 | D:8      | Reached XP level 10. HP: 63/81 MP: 10/10
  9075 | D:8      | Reached *** piety under Hepliaklqana
  9855 | D:8      | Reached skill level 10 in Fighting
  9879 | D:9      | Found a staircase to the Lair.
 10040 | D:9      | Noticed a green ugly thing
 10047 | D:9      | Killed a green ugly thing
 10048 | D:9      | Reached skill level 10 in Shields
 10113 | D:9      | Reached skill level 1 in Invocations
 10141 | D:9      | Found a shimmering blue altar of Sif Muna.
 10152 | D:9      | Noticed Psyche
 10745 | D:9      | Killed Psyche
 10834 | D:10     | Entered Level 10 of the Dungeon
 10834 | D:10     | Found a radiant altar of Vehumet.
 10839 | D:10     | Reached skill level 5 in Invocations
 10841 | D:10     | Noticed a two-headed ogre
 10854 | D:10     | Killed a two-headed ogre
 10855 | D:10     | Reached XP level 11. HP: 90/90 MP: 10/15
 10899 | D:10     | Reached **** piety under Hepliaklqana
 10934 | D:10     | Noticed Erolcha
 10940 | D:10     | Reached skill level 11 in Fighting
 10950 | D:10     | Killed Erolcha
 11284 | D:10     | Reached skill level 12 in Fighting
 11321 | D:10     | Reached skill level 1 in Polearms
 11595 | D:10     | Killed an unseen horror
 11596 | D:10     | Reached skill level 5 in Polearms
 12162 | D:11     | Found a runed translucent gate.
 12162 | D:11     | Found a runed translucent gate.
 12214 | D:11     | Noticed Jaiteiro's ghost (journeyman MiFi)
 12216 | D:11     | Found a runed translucent gate.
 12216 | D:11     | Identified the +6 short sword "Vurgh" {drain, rC+ Int+5}
 12224 | D:11     | Noticed Snorg
 12235 | D:11     | Killed Snorg
 12239 | D:11     | Noticed a purple ugly thing
 12293 | D:11     | Killed a purple ugly thing
 12294 | D:11     | Reached XP level 12. HP: 72/100 MP: 16/16
 12861 | D:11     | Noticed Fannar
 13142 | D:11     | Found a staircase to the Orcish Mines.
 13155 | D:11     | Noticed Urug
 13273 | D:10     | Killed Fannar
 13274 | D:10     | Reached skill level 10 in Polearms
 13307 | D:11     | Killed Urug
 13642 | D:11     | Noticed a boulder beetle
 13653 | D:11     | Killed a boulder beetle
 13880 | D:11     | Found a burning altar of Makhleb.
 13918 | D:11     | Noticed a two-headed ogre
 13919 | D:11     | Noticed a centaur warrior
 13919 | D:11     | Noticed a two-headed ogre
 13953 | D:11     | Killed a two-headed ogre
 13962 | D:11     | Killed a centaur warrior
 13963 | D:11     | Reached skill level 13 in Fighting
 13973 | D:11     | Killed a two-headed ogre
 14480 | D:11     | Identified the amulet "Tuing" {Acrobat rPois}
 14480 | D:11     | Noticed a centaur warrior
 14498 | D:11     | Killed a centaur warrior
 14691 | D:11     | Noticed an eight-headed hydra
 14703 | D:11     | Killed an eight-headed hydra
 14746 | D:11     | Reached XP level 13. HP: 89/109 MP: 17/17
 14857 | D:11     | Identified the Collected Works on Enchantment and the Blaze
 14995 | D:11     | Killed Jaiteiro's ghost
 15037 | D:11     | Reached skill level 14 in Fighting
 15281 | Lair:1   | Entered Level 1 of the Lair of Beasts
 16547 | Lair:2   | Found a staircase to the Snake Pit.
 16791 | Lair:2   | Reached ***** piety under Hepliaklqana
 17260 | Lair:3   | Reached skill level 15 in Fighting
 18264 | Lair:3   | Found a staircase to the Swamp.
 18774 | Lair:4   | Reached XP level 14. HP: 121/121 MP: 19/19
 19562 | Lair:4   | Reached skill level 10 in Invocations
 20680 | Lair:5   | Got a flickering iron ring
 20682 | Lair:5   | Identified the cursed ring of Biudu {+Blink rPois Int-4
                  | Slay+3} (You found it on level 5 of the Lair of Beasts)
 20940 | Lair:5   | Found a staircase to the Slime Pits.
 20941 | Lair:5   | Found a viscous altar of Jiyva.
 21257 | Lair:5   | Noticed Kirke
 21285 | Lair:5   | Killed Kirke
 21639 | Lair:5   | Found a shimmering altar of Xom.
 21693 | Lair:6   | Entered Level 6 of the Lair of Beasts
 21914 | Lair:6   | Reached skill level 16 in Fighting
 22021 | Lair:6   | Reached skill level 15 in Shields
 22021 | Lair:6   | Reached XP level 15. HP: 100/129 MP: 23/23
 23219 | Lair:6   | Reached skill level 17 in Fighting
 24135 | D:12     | Noticed a tengu reaver
 24153 | D:12     | Killed a tengu reaver
 25179 | Orc:1    | Entered Level 1 of the Orcish Mines
 25414 | Orc:2    | Entered Level 2 of the Orcish Mines
 25414 | Orc:2    | Found a staircase to the Elven Halls.
 25966 | Orc:2    | Found a roughly hewn altar of Beogh.
 26002 | Orc:2    | Found a roughly hewn altar of Beogh.
 26448 | Orc:2    | Found a roughly hewn altar of Beogh.
 26448 | Orc:2    | Found Muid's Magic Scroll Shoppe.
 26557 | Orc:2    | Found a roughly hewn altar of Beogh.
 26707 | Orc:2    | Noticed an orc warlord
 26716 | Orc:2    | Killed an orc warlord
 26717 | Orc:2    | Reached XP level 16. HP: 110/139 MP: 26/26
 26735 | Orc:2    | Reached skill level 10 in Armour
 26823 | Orc:2    | Found a roughly hewn altar of Beogh.
 26823 | Orc:2    | Found Haptyokk's Antique Weapon Shoppe.
 26827 | Orc:2    | Found Bithrel's Antique Armour Emporium.
 27081 | Orc:2    | Found a roughly hewn altar of Beogh.
 27086 | Orc:2    | Found Jeleafiefa's Armour Shop.
 27296 | Orc:2    | Bought a twisted trident for 187 gold pieces
 27296 | Orc:2    | Identified the +11 trident "Voot" {venom, Fragile +Blink
                  | rC+ Dex+4 Stlth+} (You bought it in a shop on level 2 of
                  | the Orcish Mines)
 27346 | Orc:2    | Bought a +2 kite shield for 214 gold pieces
 27357 | Orc:2    | Bought a +1 crystal plate armour for 1131 gold pieces
 27429 | Orc:2    | Bought a scroll of random uselessness for 14 gold pieces
 27429 | Orc:2    | Bought a scroll of enchant weapon for 105 gold pieces
 27429 | Orc:2    | Bought a scroll of fear for 49 gold pieces
 27429 | Orc:2    | Bought a scroll of holy word for 105 gold pieces
 27429 | Orc:2    | Bought a scroll of vulnerability for 105 gold pieces
 27429 | Orc:2    | Bought a scroll of magic mapping for 49 gold pieces
 27429 | Orc:2    | Bought a scroll of teleportation for 42 gold pieces
 27429 | Orc:2    | Bought a scroll of identify for 28 gold pieces
 27429 | Orc:2    | Bought a scroll of identify for 28 gold pieces
 27429 | Orc:2    | Bought a scroll of identify for 28 gold pieces
 27845 | D:13     | Found Akhe Tovva's Jewellery Shop.
 27933 | D:13     | Reached skill level 15 in Invocations
 28421 | D:14     | You fall into a shaft and drop 1 floor!
 28421 | D:15     | Entered Level 15 of the Dungeon
 28652 | D:14     | Found a gate to the Vaults.
 29961 | D:15     | Found a staircase to the Depths.
 30046 | D:15     | Found Egonuofo's Distillery.
 30054 | D:15     | Bought a potion of might for 68 gold pieces
 30054 | D:15     | Bought a potion of haste for 170 gold pieces
 30590 | Swamp:1  | Entered Level 1 of the Swamp
 30590 | Swamp:1  | Noticed a thorn hunter
 31295 | Snake:1  | Entered Level 1 of the Snake Pit
 31542 | Snake:1  | Found Goehus's Book Emporium.
 31567 | Snake:1  | Identified a scroll of acquirement
 31568 | Snake:1  | Acquired the ring of Rinnash {rC+ Str+6 Int+4 Slay+2
                  | Stlth-}
 31936 | Snake:1  | Found Izastuo's Jewellery Boutique.
 31936 | Snake:1  | Found Hox Kur's Gadget Shoppe.
 31938 | Snake:1  | Found Kyecep's Jewellery Boutique.
 32431 | Snake:2  | Reached XP level 17. HP: 130/144 MP: 28/28
 33172 | Snake:2  | Found Xafon's Gadget Emporium.
 33177 | Snake:2  | Found Meaz Aki's Weapon Emporium.
 33185 | Snake:2  | Reached ****** piety under Hepliaklqana
 33214 | Snake:2  | Noticed Nikola
 33224 | Snake:2  | Killed Nikola
 34292 | Snake:3  | Reached skill level 15 in Armour
 34754 | Snake:3  | Noticed Bai Suzhen
 34766 | Snake:3  | Killed Bai Suzhen
 35372 | Snake:4  | Entered Level 4 of the Snake Pit
 35928 | Snake:4  | Reached skill level 5 in Dodging
 36103 | Snake:4  | Reached XP level 18. HP: 129/153 MP: 24/29
 36573 | Snake:4  | Reached skill level 18 in Fighting
 37563 | Snake:4  | Reached skill level 19 in Fighting
 37604 | Snake:4  | Got a serpentine rune of Zot
 38747 | Snake:1  | Bought an uncursed ring of willpower for 400 gold pieces
 41205 | Swamp:3  | Found a runed translucent door.
 41207 | Swamp:3  | Identified the +3 trident of Qazlal's Esteem {vorpal, rC++}
 41208 | Swamp:3  | Noticed soyboy's ghost (adept SpAM)
 41864 | Swamp:4  | Entered Level 4 of the Swamp
 41998 | Swamp:4  | Reached skill level 20 in Fighting
 42105 | Swamp:4  | Reached XP level 19. HP: 166/166 MP: 31/31
 42406 | Swamp:4  | Got a decaying rune of Zot
 43519 | Snake:1  | Bought an uncursed ring of willpower for 425 gold pieces
 43796 | Vaults:1 | Entered Level 1 of the Vaults
 44640 | Elf:1    | Entered Level 1 of the Elven Halls
 44790 | Elf:1    | Found Taod's Distillery.
 45715 | Elf:2    | Reached XP level 20. HP: 156/175 MP: 34/34
 45809 | Elf:2    | Found a huge runed translucent gate.
 45809 | Elf:2    | Found a huge runed translucent gate.
 45809 | Elf:2    | Found a huge runed translucent gate.
 45810 | Elf:2    | Found a huge runed translucent gate.
 45813 | Elf:2    | Found a huge runed translucent gate.
 46068 | Elf:2    | Identified Roxanne's Tome of Stones
 46068 | Elf:2    | Noticed Roxanne
 46726 | Elf:2    | Reached skill level 21 in Fighting
 46915 | Elf:3    | Entered Level 3 of the Elven Halls
 46981 | Elf:2    | Killed Roxanne
 47425 | Elf:3    | HP: 2/147 [deep elf death mage/bolt of negative energy
                  | (51)]
 49031 | Elf:3    | Reached skill level 22 in Fighting
 49361 | Elf:3    | Reached XP level 21. HP: 166/188 MP: 31/36
 50345 | Elf:3    | Reached skill level 1 in Throwing
 50655 | Snake:2  | Bought a phantom mirror for 640 gold pieces
 51151 | Vaults:1 | Reached skill level 5 in Throwing
 51251 | Vaults:1 | Reached skill level 1 in Evocations
 51747 | Vaults:1 | Found Cedd's Antique Armour Emporium.
 51926 | Vaults:1 | Reached skill level 5 in Evocations
 52561 | Vaults:2 | Noticed Donald
 52572 | Vaults:2 | Killed Donald
 53315 | Vaults:2 | Reached skill level 10 in Evocations
 53376 | Vaults:2 | Noticed a bone dragon
 53381 | Vaults:2 | Found a staircase to the Crypt.
 53391 | Vaults:2 | Killed a bone dragon
 54054 | Vaults:2 | Reached XP level 22. HP: 134/190 MP: 37/37
 54278 | Vaults:2 | Identified a +0 pair of boots of running (You found it on
                  | level 2 of the Vaults)
 54936 | Vaults:3 | Reached skill level 15 in Axes
 55369 | Vaults:3 | Found a snail-covered altar of Cheibriados.
 57598 | Vaults:4 | Noticed Xtahua
 57609 | Vaults:4 | Killed Xtahua
 57853 | Vaults:4 | Found a large runed translucent door.
 57854 | Vaults:4 | Found a large runed translucent door.
 57855 | Vaults:4 | Found a large runed translucent door.
 57855 | Vaults:4 | Found a large runed translucent door.
 57855 | Vaults:4 | Noticed MackTheFife's ghost (veteran HOGl)
 57856 | Vaults:4 | Found a large runed translucent door.
 57856 | Vaults:4 | Found a large runed translucent door.
 57856 | Vaults:4 | Found a large runed translucent door.
 57856 | Vaults:4 | Found a large runed translucent door.
 58086 | Vaults:4 | Reached XP level 23. HP: 201/201 MP: 38/38
 58725 | Vaults:5 | Entered Level 5 of the Vaults
 58725 | Vaults:5 | Noticed a golden dragon
 58728 | Vaults:5 | Noticed a golden dragon
 59078 | Vaults:5 | Reached skill level 23 in Fighting
 59181 | Vaults:5 | Noticed a golden dragon
 59181 | Vaults:5 | Identified the cursed +3 shortbow of Paahiaho {venom, rN+
                  | MP+9 Int+6}
 59181 | Vaults:5 | Noticed Frederick
 59201 | Vaults:5 | Noticed an ancient lich
 59210 | Vaults:5 | Identified the +1 leather armour of Going Fast {Dex+5}
 59297 | Vaults:5 | Noticed a golden dragon
 59299 | Vaults:5 | HP: 2/204 [titan/the air (10)]
 59299 | Vaults:5 | Slain by a golden dragon

Illustrated notes

Levels and vault maps discovered:
D:1:      dpeg_arrival_tiny_c, layout_basic, serial_glass, glass_columns_a,
          glass_columns_a, glass_columns_b, glass_columns_a,
          minmay_strange_pillars, due_unseen_surprise, feat_on_display
D:2:      layout_loops_ring, grunt_temple_overflow_open
D:3:      kennysheep_slugbush, layout_loops_ring,
          chequers_ecumenical_altar_grove, trog_three_pillars_becter
D:4:      kennysheep_the_goblin_king, layout_basic, serial_shops, shop
D:5:      layout_basic, lemuel_crystal_altar
D:6:      layout_loops_cross, serial_bayou_pond_c, lemuel_oklob_altar,
          uniq_crazy_yiuf_cottage, uniq_blork_the_orc, uniq_eustachio,
          uniq_edmund
D:7:      layout_basic, nicolae_ru_path_of_blood, minmay_temple_entry_overgrown,
          hex_intersection
D:8:      layout_basic, minmay_crossroads
D:9:      layout_long_grid, general_overflow_altar, minmay_lair_entry_grove,
          uniq_psyche
D:10:     layout_rooms, basic_altar, skrybe_limestone_x, uniq_erolcha
D:11:     minmay_the_grid_triangle_9x9_line_8_mashed
          [minmay_the_grid_triangle_9x9_warning,
          minmay_the_grid_triangle_9x9_impossible_snake,
          minmay_the_grid_triangle_9x9_wacky_v,
          minmay_the_grid_triangle_9x9_alien,
          minmay_the_grid_triangle_9x9_flanged_cone,
          minmay_the_grid_triangle_9x9_pentomino_pain,
          minmay_the_grid_triangle_9x9_shrine,
          minmay_the_grid_triangle_9x9_prize_insulated], layout_layer_cave,
          david_orc_3, gammafunk_ghost_nasty_kobolds, special_room
          [special_room_orc], uniq_urug, uniq_fannar, uniq_snorg
D:12:     layout_long_grid, minmay_checkered_concentric_circles
D:13:     layout_loops_ring, serial_shops,
          nicolae_shop_temple_entry_statues_fountains, hangedman_ranch
          [blue_anna_fruit_fields]
D:14:     layout_gridville, ximxim_vaults_locker_room, grunt_decor_resistance,
          minivault_8
D:15:     grunt_enter_depths_hoard, layout_irregular_city, serial_shops, shop,
          minmay_misc_feat_x, grunt_ministairs_2
Lair:1:   layout_roguey
Lair:2:   layout_regular_city, minmay_snake_entry_six_corridors,
          grunt_megastairs_5
Lair:3:   layout_long_grid, nicolae_swamp_entry_splash_gauntlet,
          hangedman_lair_unloving_vines, lemuel_fruit_fields
Lair:4:   layout_regular_city, grunt_forest_large_clearings, grunt_megastairs_1,
          serial_bayou_shore_b, minmay_lair_oklob_chamber, lemuel_fruit_tree
Lair:5:   layout_concentric_octagons, slime_altar_1, kb_xom_exploding_sheep,
          grunt_megastairs_3, lemuel_fruit_fields, serial_bayou_shore_b,
          uniq_kirke
Lair:6:   grunt_lair_end_beastmaster, layout_gridlike, serial_bayou_shore_a
Swamp:1:  layout_basic_swamp, evilmike_swamp_ruin_house_2, swamp_pool2
Swamp:2:  layout_basic_swamp, evilmike_swamp_ruin_wall, hangedman_swamp_pad
Swamp:3:  layout_basic_swamp, ebering_ghost_funeral_grove,
          nicolae_swamp_fairy_circle
Swamp:4:  swamp, layout_basic_swamp, nicolae_swamp_round_clearing,
          infiniplex_staircase_pool
Snake:1:  layout_basic, serial_shops,
          nicolae_shop_temple_entry_statues_fountains, grunt_ministairs_8,
          minmay_shop_grove
Snake:2:  layout_chambers, nicolae_snake_linked_coils, minmay_shop_star,
          uniq_nikola
Snake:3:  layout_honeycomb, uniq_bai_suzhen
Snake:4:  snake_pit, layout_misc_corridors
Orc:1:    cheibrodos_orc_bank, layout_caves, uniq_josephine, uniq_nergalle
Orc:2:    grunt_orc_community_town_hall, layout_caves,
          grunt_orc_community_big_house_1, grunt_orc_community_big_house_1,
          grunt_orc_community_house_1, grunt_orc_community_house_2,
          grunt_orc_community_house_1, grunt_orc_community_house_2,
          grunt_orc_community_house_2, grunt_orc_community_house_1,
          nooodl_orcs_dogs
Elf:1:    minmay_elf_arrival_summoners, layout_geoelf_octagon, serial_shops,
          nicolae_shop_statue_plus, hangedman_elf_disciples
Elf:2:    layout_loops_ring, uniq_roxanne
Elf:3:    grunt_elf_hall_diamonds, layout_loops_ring
Vaults:1: v_misc_9, v_misc_22, vaults_dpeg_cross, nicolae_vaults_alarming,
          nicolae_vaults_windows_and_doors_thing, nicolae_vaults_specimen_jars,
          vaults_room_ringed_pool, layout_vaults_quadrants, serial_shops,
          shop_fountains
Vaults:2: dpeg_vaults_monster_row, grunt_vaults_trifunnel, v_alt_pattern_1,
          nicolae_vaults_little_squares_6, ontoclasm_vaults_eye,
          vaults_room_grid, nicolae_vaults_network_star, vaults_room_corners,
          minmay_crypt_entry_nasty_monster, v_misc_23, layout_vaults_omnicross,
          uniq_donald
Vaults:3: grunt_vaults_focal, hangedman_vaults_river_flow, v_misc_11,
          nicolae_vaults_little_squares_2, nicolae_vaults_border_crossing,
          nicolae_vaults_big_ls, v_misc_9, vaults_dpeg_encased_lava,
          hangedman_vaults_cutoff, layout_vaults_chaotic_city, basic_altar
Vaults:4: advil_vaults_ghost_lines, nicolae_vaults_circle_grid_a,
          nicolae_vaults_circle_grid_b, vaults_room_semicircle,
          hangedman_vaults_trim, vaults_standard_mumra_lines,
          ontoclasm_vaults_gateway, vaults_dpeg_spiral, v_misc_15,
          ontoclasm_vaults_shuriken, nicolae_vaults_diagonal_hallway_6,
          layout_vaults_omnibox, uniq_xtahua
Vaults:5: uniq_frederick

Skill      XL: |  1  2  3  4  5  6  7  8  9 10 11 12 13 14 15 16 17 18 19 20 21 22 23 |
---------------+----------------------------------------------------------------------+-----
Axes           | 3 4 5 6 8 9 10 12 13 18 | 18.2
Fighting       | 4 5 6 7 9 10 12 13 15 16 17 20 22 23 | 23.5
Shields        | 4 5 6 8 10 11 14 15 | 15.0
Dodging        | 1 2 3 6 |  6.0
Armour         | 4 6 7 8 9 13 15 | 15.8
Invocations    | 6 7 11 14 15 16 20 22 | 22.0
Polearms       | 8 10 12 | 12.6
Throwing       | 6 |  6.0
Evocations     | 10 11 12 | 12.0

Action                   |  1- 3 |  4- 6 |  7- 9 | 10-12 | 13-15 | 16-18 | 19-21 | 22-24 || total
-------------------------+-------+-------+-------+-------+-------+-------+-------+-------++-------
Melee: War axe           |   108 |   202 |   286 |   106 |    95 |       |       |       ||   797
       Spear             |       |       |     9 |   468 |  1577 |    71 |       |       ||  2125
       Trident           |       |       |       |       |       |  1279 |  1332 |    41 ||  2652
       Broad axe         |       |       |       |       |       |       |       |   422 ||   422
Throw: Dart              |     1 |       |     1 |    17 |     4 |    19 |     5 |     1 ||    48
       Javelin           |       |       |       |       |       |     3 |     4 |       ||     7
Invok: Recall Ancestor   |       |     4 |       |     9 |     6 |     5 |     1 |     4 ||    29
       Ancestor Identity |       |       |     1 |       |     1 |       |       |       ||     2
       Ancestor Life: Ba |       |       |     1 |       |       |       |       |       ||     1
       Idealise          |       |       |       |     1 |     6 |     4 |    11 |     2 ||    24
       Transference      |       |       |       |       |    11 |     2 |     2 |       ||    15
 Abil: Evoke Blink       |       |       |       |       |       |     1 |       |       ||     1
Evoke: Wand              |       |     4 |       |    19 |     3 |     6 |     4 |     3 ||    39
       Phial of floods   |       |       |       |       |     1 |     3 |     1 |     2 ||     7
       Condenser vane    |       |       |       |       |       |       |     1 |     2 ||     3
       Phantom mirror    |       |       |       |       |       |       |     1 |     2 ||     3
       Tin of tremorston |       |       |       |       |       |       |       |     2 ||     2
       Box of beasts     |       |       |       |       |       |       |       |     1 ||     1
  Use: Potion            |     4 |       |       |     1 |       |     4 |     2 |    19 ||    30
       Scroll            |     1 |     9 |     4 |     8 |     7 |    17 |     8 |    22 ||    76
 Stab: Distracted        |       |     2 |     5 |     6 |     7 |    14 |    20 |     5 ||    59
       Petrified         |       |       |       |       |    14 |       |       |       ||    14
       Invisible         |       |       |       |       |       |       |       |     7 ||     7
Armor: Scale mail        |    49 |   124 |       |       |       |       |       |       ||   173
       Skin              |     6 |       |       |     7 |       |       |       |       ||    13
       Chain mail        |       |     4 |   104 |   126 |   302 |       |       |       ||   536
       Plate armour      |       |       |       |       |    63 |     3 |       |       ||    66
       Crystal plate arm |       |       |       |       |       |   128 |       |       ||   128
       Storm dragon scal |       |       |       |       |       |   118 |   211 |   136 ||   465
Dodge: Dodged            |    32 |    72 |    38 |    67 |   233 |   177 |   165 |   190 ||   974
Block: Kite shield       |    50 |   103 |   146 |   193 |   589 |   550 |   461 |   334 ||  2426
